 Dungeon Crawl Stone Soup version 0.28-a0-479-g5baa6b73be (webtiles) character file.

Game seed: 5774757256328485725

17058 Dabor the Fighter (level 12, -9/101 HPs)
             Began as a Demonspawn Chaos Knight on Sept 18, 2021.
             Was a Plaything of Xom.
             Mangled by an orc warrior (14 damage)
             ... on level 2 of the Orcish Mines.
             The game lasted 00:20:48 (11009 turns).

Dabor the Fighter (Demonspawn Chaos Knight)        Turns: 11009, Time: 00:20:49

Health: -9/101     AC: 17    Str: 19      XL:     12   Next: 15%
Magic:  10/10      EV: 11    Int: 18 (20) God:    Xom [*.....]
Gold:   1515       SH: 12    Dex: 11      Spells: 11/11 levels left

rFire   + . .      SeeInvis .   h - +2 hand axe (drain)
rCold   + . .      Faith    .   C - +0 kite shield
rNeg    + + .      Spirit   .   j - +3 scale mail
rPois   .          Reflect  .   (helmet restricted)
rElec   +          Harm     .   e - +0 cloak
rCorr   +          Rampage  .   t - +0 pair of gloves
Will    .....      Rnd*Tele +   (boots unavailable)
Stlth   ..........              o - amulet of Nyb Ufem {Acrobat rN+ Regen+ Int+2 Dex-2}
HPRegen 2.26/turn               k - ring of resist corrosion
MPRegen 0.12/turn               l - ring of positive energy

@: unable to read
A: hooves 3, rugged brown scales 2, spiny 3, horns 2, large bone plates 1,
clever 2, cold resistance 1, deterioration 1, fire resistance 1, low mp 1,
regeneration 1, shaggy fur 1, electricity resistance, strong 1, teleportitis 1,
evolution 1, inability to read while threatened, MP-powered wands, sturdy frame
1
a: Renounce Religion


You were on level 2 of the Orcish Mines.
You worshipped Xom.
You were a special plaything of Xom.
You visited 2 branches of the dungeon, and saw 16 of its levels.

You collected 1515 gold pieces.

Inventory:

Hand Weapons
 a - a +0 hand axe of venom
 h - a +2 hand axe of draining (weapon)
Missiles
 u - 5 silver boomerangs (quivered)
 y - 15 poisoned darts
 M - 2 throwing nets
Armour
 b - a +2 leather armour
 e - a +0 cloak (worn)
 j - a +3 scale mail (worn)
 t - a +0 pair of gloves (worn)
 C - a +0 kite shield (worn)
 L - the +0 leather armour of Qojucw {Rampage rPois Slay+3 SInv}
   (You found it on level 10 of the Dungeon)

   Slay:      It affects your accuracy & damage with ranged weapons and melee
   (+3).
   rPois:     It protects you from poison.
   SInv:      It lets you see invisible.
   Rampage:   It bestows one free step when moving towards enemies.
Jewellery
 k - a ring of resist corrosion (left hand)
 l - a ring of positive energy (right hand)
 o - the amulet of Nyb Ufem (around neck) {Acrobat rN+ Regen+ Int+2 Dex-2}
   (You acquired it on level 10 of the Dungeon)

   [amulet of the acrobat]

   It increases your evasion while moving and waiting.
   Int:       It affects your intelligence (+2).
   Dex:       It affects your dexterity (-2).
   rN:        It protects you from negative energy.
   Regen:     It increases your rate of health regeneration.
 q - a ring of ice
 A - a ring of ice
Wands
 r - a wand of flame (40)
 v - a wand of acid (7)
 B - a wand of mindburst (13)
 K - a wand of digging (5)
Scrolls
 f - 5 scrolls of teleportation
 g - a scroll of brand weapon
 m - 2 scrolls of fear
 p - a scroll of amnesia
 s - 4 scrolls of identify
 x - a scroll of fog
 D - a scroll of enchant weapon {unknown}
 E - a scroll of acquirement
 G - a scroll of immolation {unknown}
 I - 2 scrolls of magic mapping {unknown}
Potions
 c - a potion of degeneration
 d - 2 potions of haste
 i - 3 potions of resistance
 n - 4 potions of curing
 z - 2 potions of lignification
 F - a potion of invisibility
 J - 3 potions of berserk rage {unknown}
Miscellaneous
 w - a piece from Xom's chessboard (15/15)


   Skills:
 * Level 9.8 Fighting
 * Level 9.8 Axes
 * Level 8.7 Armour
 * Level 8.5 Dodging
 * Level 3.3 Shields
 + Level 5.5 Evocations


You had 11 spell levels left.
You didn't know any spells.
Your spell library contained the following spells:

 Spells                   Type           Power      Damage    Failure   Level
 Animate Skeleton         Necr           0%         N/A       88%         1
 Apportation              Tloc           0%         N/A       88%         1
 Foxfire                  Conj/Fire      0%         2x1d4     88%         1
 Freeze                   Ice            0%         1d3       88%         1
 Summon Small Mammal      Summ           0%         N/A       88%         1
 Passwall                 Tmut/Erth      0%         N/A       95%         2
 Call Canine Familiar     Summ           0%         N/A       99%         3
 Conjure Flame            Conj/Fire      0%         6-21      99%         3
 Frozen Ramparts          Ice            0%         1d2       99%         3
 Gell's Gravitas          Tloc           0%         N/A       99%         3
 Inner Flame              Hex/Fire       0%         N/A       99%         3
 Lesser Beckoning         Tloc           0%         N/A       99%         3
 Summon Guardian Golem    Hex/Summ       0%         N/A       99%         3
 Swiftness                Air            0%         N/A       99%         3
 Teleport Other           Tloc           0%         N/A       99%         3
 Flame Wave               Conj/Fire      0%         3d3       100%        4
 Hailstorm                Conj/Ice       0%         3d3       100%        4
 Invisibility             Hex            0%         N/A       100%        6


Dungeon Overview and Level Annotations

Branches:
Dungeon (14/15) Temple (0/1) D:5 Lair (0/6) D:11 Orc (2/2) D:11 Elf (0/3) Orc:1 Orc:2 Vaults: D:13-14

Altars:
Cheibriados
Fedhas
Gozag
Hepliaklqana
Kikubaaqudgha
Makhleb
Vehumet
Wu Jian
Xom
The Shining One

Shops:
D:11 (

Annotations:
D:10 2 runed translucent doors


Innate Abilities, Weirdness & Mutations

You have hooves in place of feet.
You are mostly covered in rugged brown scales. (AC +2, +5% HP)
You are completely covered in sharp spines.
You have a pair of horns on your head.
You are partially covered in large bone plates. (SH +4)
Your mind is very acute. (Int +4)
Your flesh is cold resistant. (rC+)
Your body sometimes deteriorates upon taking damage.
Your flesh is heat resistant. (rF+)
Your magical capacity is low. (-10% MP)
Your natural rate of healing is unusually fast.
You are covered in fur. (AC +1)
You are resistant to electric shocks. (rElec)
Your muscles are strong. (Str +2)
You are occasionally teleported next to monsters.
You have hidden genetic potential.
You sometimes lose the ability to read scrolls when taking damage.
You expend magic power (3 MP) to strengthen your wands.
Your movements are slightly less encumbered by armour. (ER -2)


Message History

An orc wizard comes into view. It is wielding a +0 dagger.
The soul eater draws from the surrounding life force!
The orc priest hits you with a +0 club.
The red devil barely misses your +0 flail.
The ice devil hits your +0 flail.
The ice devil freezes your +0 flail.
Your +0 flail resists.
The orc warrior hits you with a +0 mace.
The orc high priest hits your +0 flail with a +0 dire flail!
The orc warrior hits you but does no damage.
You feel much better.
Your +0 flail closely misses the orc warrior.
The orc knight roars a battlecry!
An orc comes into view. It is wielding a +0 morningstar.
The orc priest hits you from afar with a +0 trident.
The orc warrior completely misses your +0 flail.
An orc wizard comes into view. It is wielding a +0 dagger.
An orc comes into view. It is wielding a +0 morningstar.
The orc priest mumbles some strange prayers to Beogh against you.
Beogh smites you!
Your body deteriorates!
You feel dopey.
The orc warrior hits you from afar with a +0 glaive!!
* * * LOW HITPOINT WARNING * * *
Your +0 flail hits the orc warrior!
The orc warrior dies!
The orc priest mumbles some strange prayers to Beogh against you.
Pain shoots through your body!
* * * LOW HITPOINT WARNING * * *
The soul eater draws from the surrounding life force!
* * * LOW HITPOINT WARNING * * *
The ice devil closely misses your +0 flail.
The orc priest invokes the aid of Beogh against you.
Beogh smites you!
* * * LOW HITPOINT WARNING * * *
The orc warrior is struck by your spines.
The orc warrior hits you but does no damage.
The red devil hits your +0 flail with a +0 trident.
Your +0 flail is skewered by barbed spikes.
The orc warrior hits you with a +0 war axe!
You die...
Xom snickers!

.....# ### ......###.
.......#. ##....... ###
## #........ oo.3 #.####
##........ o.o.o#.#..##
#...##.... o.4.oo)o...#
##.........
o.4(ooo@...###..........
....{ooo.....##.........
.....o........##........
.........#....#......###
.....#...##.#.......###.
.....#..####.........###
#### #### ##......#####
##..........
#...#.......


You could see an orc knight, a soul eater (summoned), an orc high priest
(strong), an ice devil (summoned), a red devil (summoned, ally target), 6 orc
warriors, 4 orc priests, 3 orc wizards, 2 orcs and a friendly +0 flail
(skewered).

Vanquished Creatures
  A storm dragon (D:11)
  Snorg (D:11)
  Erolcha (D:9)
  A centaur warrior (D:13)
  The ghost of Heedrag the Basher, a novice MiFi of Okawaru (D:9)
  A two-headed ogre (D:10)
  2 obsidian statues (D:10)
  An ugly thing (D:11)
  3 cyclopes
  Maurice (D:8)
  Joseph (D:9)
  An unseen horror (D:10)
  Psyche (D:9)
  A meliai (shapeshifter) (D:10)
  A troll (Orc:2)
  A vampire (D:9)
  2 wraiths
  2 wyverns
  9 yaks
  A basilisk (shapeshifter) (D:12)
  6 vampire mosquitoes
  A warg (Orc:1)
  An acid dragon (D:8)
  2 water moccasins
  2 sky beasts
  A hornet zombie (D:8)
  3 black bears
  9 orc warriors
  The ghost of Ratatosk the Slasher, an amateur MiMo (D:3)
  2 ogres
  10 centaurs
  A phantom (D:6)
  A kobold brigand (D:8)
  Blork the orc (D:4)
  2 bullfrogs
  3 gnoll sergeants
  A scorpion (D:5)
  A wyvern skeleton (D:7)
  A water moccasin zombie (D:6)
  4 killer bees
  4 howler monkeys
  2 centaur zombies
  A hound (D:6)
  A centaur skeleton (D:7)
  9 orc priests
  3 jellies
  6 iguanas
  A gnoll shaman (Orc:1)
  8 orc wizards
  A statue (D:7)
  A hound zombie (D:5)
  A howler monkey zombie (D:8)
  12 gnolls
  11 adders
  A white imp (D:5)
  2 ufetubi
  3 worms
  3 dart slugs (D:1)
  41 orcs
  7 bats
  3 endoplasms
  4 giant cockroaches
  7 goblins
  7 hobgoblins
  6 jackals
  6 kobolds
  3 quokkas
  6 ball pythons
  4 rats
  2 butterflies (D:5)
252 creatures vanquished.

Vanquished Creatures (collateral kills)
  An orc warrior (Orc:2)
1 creature vanquished.

Vanquished Creatures (others)
  2 killer bees (D:5)
  2 withered plants (D:9)
4 creatures vanquished.

Grand Total: 257 creatures vanquished

Notes
Turn   | Place    | Note
-------+----------+-------------------------------------------
     0 | D:1      | Dabor the Demonspawn Chaos Knight began the quest for the
                  | Orb.
     0 | D:1      | Reached XP level 1. HP: 18/18 MP: 1/1
    37 | D:1      | XOM: silly message
    41 | D:1      | Reached skill level 1 in Dodging
    59 | D:1      | XOM: enchant monster (bad)
   314 | D:1      | Gained mutation: You are partially covered in sharp spines.
                  | [demonic ancestry]
   314 | D:1      | Reached XP level 2. HP: 24/24 MP: 2/2
   442 | D:1      | Found a faded altar of an unknown god.
   550 | D:1      | XOM: give mutation
   550 | D:1      | Gained mutation: You are occasionally teleported next to
                  | monsters. [Xom's mischief]
  1042 | D:1      | XOM: give mutations
  1042 | D:1      | Gained mutation: You sometimes lose the ability to read
                  | scrolls when taking damage. [Xom's mischief]
  1042 | D:1      | Gained mutation: You are frail. (-10% HP) [Xom's mischief]
  1148 | D:2      | Gained mutation: You are mostly covered in sharp spines.
                  | [demonic ancestry]
  1148 | D:2      | Reached XP level 3. HP: 26/26 MP: 3/3
  1227 | D:2      | Found an ornate altar of the Wu Jian Council.
  1380 | D:2      | XOM: summons 1 hostile shadow creature
  1381 | D:2      | XOM: silly message
  1636 | D:2      | XOM: 1-stop teleportation journey
  1797 | D:3      | Reached XP level 4. HP: 24/31 MP: 4/4
  1799 | D:3      | Found a runed translucent gate.
  1799 | D:3      | Found a runed translucent gate.
  1799 | D:3      | Found a runed translucent gate.
  1801 | D:3      | Noticed Ratatosk's ghost (amateur MiMo)
  1864 | D:3      | XOM: 1-stop teleportation journey
  2007 | D:3      | Found a snail-covered altar of Cheibriados.
  2591 | D:3      | Gained mutation: You are partially covered in rugged brown
                  | scales. (AC +1, +3% HP) [demonic ancestry]
  2591 | D:3      | Reached XP level 5. HP: 29/38 MP: 5/5
  2603 | D:3      | Killed Ratatosk's ghost
  2852 | D:4      | Noticed a black bear
  2854 | D:4      | XOM: swap monsters
  2859 | D:4      | Killed a black bear
  2860 | D:4      | Gained mutation: You are completely covered in sharp
                  | spines. [demonic ancestry]
  2860 | D:4      | Reached XP level 6. HP: 34/44 MP: 6/6
  3131 | D:4      | Noticed Blork the orc
  3139 | D:4      | XOM: silly message
  3143 | D:4      | Killed Blork the orc
  3432 | D:4      | Reached skill level 5 in Axes
  3432 | D:4      | Gained mutation: You have large cloven feet. [demonic
                  | ancestry]
  3432 | D:4      | Reached XP level 7. HP: 40/51 MP: 7/7
  3541 | D:4      | XOM: give mutations
  3541 | D:4      | Gained mutation: Your magical capacity is low. (-10% MP)
                  | [Xom's mischief]
  3541 | D:4      | Gained mutation: Your body sometimes deteriorates upon
                  | taking damage. [Xom's mischief]
  3541 | D:4      | Gained mutation: You have a pair of small horns on your
                  | head. [Xom's mischief]
  3596 | D:4      | XOM: stat loss: -1 Int (12/13)
  3844 | D:5      | Entered Level 5 of the Dungeon
  3867 | D:5      | XOM: give mutation
  3867 | D:5      | Gained mutation: You are dopey. (Int -2) [Xom's mischief]
  3869 | D:5      | Found a staircase to the Ecumenical Temple.
  3973 | D:5      | XOM: destruction
  4418 | D:5      | XOM: cloud trail
  4449 | D:5      | XOM: 4-stop teleportation journey
  4814 | D:6      | Found an ancient bone altar of Kikubaaqudgha.
  4829 | D:6      | Reached skill level 5 in Fighting
  4977 | D:6      | Reached XP level 8. HP: 57/57 MP: 7/7
  5029 | D:6      | XOM: give mutations
  5029 | D:6      | Gained mutation: You have hoof-like feet. [Xom's grace]
  5029 | D:6      | Gained mutation: You have hidden genetic potential. [Xom's
                  | grace]
  5283 | D:6      | XOM: give mutations
  5283 | D:6      | Gained mutation: You are covered in fur. (AC +1) [Xom's
                  | grace]
  5283 | D:6      | Gained mutation: Your muscles are strong. (Str +2) [Xom's
                  | grace]
  5362 | D:6      | XOM: give mutations
  5362 | D:6      | Gained mutation: You have hooves in place of feet. [Xom's
                  | mischief]
  5362 | D:6      | Lost mutation: Your muscles are strong. (Str +2) [Xom's
                  | mischief]
  5362 | D:6      | Lost mutation: You are dopey. (Int -2) [Xom's mischief]
  5362 | D:6      | Lost mutation: You are frail. (-10% HP) [Xom's mischief]
  5465 | D:6      | Found a burning altar of Makhleb.
  5466 | D:6      | Found a blossoming altar of Fedhas.
  5466 | D:6      | Found a hazy altar of Hepliaklqana.
  5519 | D:6      | Reached skill level 1 in Evocations
  5679 | D:7      | XOM: noise
  5692 | D:7      | Reached skill level 5 in Armour
  5732 | D:7      | Found an opulent altar of Gozag.
  5741 | D:7      | XOM: silly message
  5912 | D:7      | XOM: noise
  5913 | D:7      | XOM: divination: magic mapping
  5918 | D:7      | Gained mutation: You are mostly covered in rugged brown
                  | scales. (AC +2, +5% HP) [demonic ancestry]
  5918 | D:7      | Reached XP level 9. HP: 63/72 MP: 8/8
  5927 | D:7      | Gained mutation: Your flesh is cold resistant. (rC+)
                  | [hidden potential]
  5989 | D:7      | Reached skill level 5 in Dodging
  6090 | D:7      | XOM: silly message
  6132 | D:7      | XOM: silly message
  6203 | D:7      | XOM: silly message
  6236 | D:7      | XOM: smoke on damage
  6471 | D:7      | XOM: give mutation
  6471 | D:7      | Gained mutation: You expend magic power (3 MP) to
                  | strengthen your wands. [Xom's grace]
  6526 | D:7      | Found a radiant altar of Vehumet.
  6559 | D:7      | XOM: give mutations
  6559 | D:7      | Gained mutation: Your mind is acute. (Int +2) [Xom's grace]
  6559 | D:7      | Gained mutation: Your mind is very acute. (Int +4) [Xom's
                  | grace]
  6559 | D:7      | Gained mutation: Your movements are slightly less
                  | encumbered by armour. (ER -2) [Xom's grace]
  6613 | D:8      | XOM: scenery: create altars
  6659 | D:8      | XOM: summons friendly quasit
  6807 | D:8      | Noticed Maurice
  6807 | D:8      | XOM: potion effect (invisibility)
  6817 | D:8      | Killed Maurice
  6937 | D:8      | XOM: 2-stop teleportation journey
  7002 | D:8      | XOM: silly message
  7013 | D:8      | XOM: torment (39/75 hp)
  7368 | D:8      | XOM: draining
  7416 | D:9      | XOM: enchant monster (bad)
  7462 | D:9      | Noticed Erolcha
  7462 | D:9      | Noticed Joseph
  7462 | D:9      | Noticed Psyche
  7462 | D:9      | XOM: 3-stop teleportation journey
  7661 | D:9      | XOM: cleaving
  7666 | D:9      | XOM: summons friendly ufetubus
  7760 | D:9      | XOM: summons 5 hostile demons
  7798 | D:9      | XOM: summons 2 friendly demons
  7807 | D:9      | Reached XP level 10. HP: 62/82 MP: 9/9
  7811 | D:9      | XOM: enchant monster (good)
  7812 | D:9      | XOM: cast spell 'Olgreb's Toxic Radiance'
  7813 | D:9      | Killed Joseph
  7825 | D:9      | XOM: summons friendly quasit
  7825 | D:9      | Gained mutation: Your natural rate of healing is unusually
                  | fast. [hidden potential]
  7825 | D:9      | Lost mutation: You have hidden genetic potential. [hidden
                  | potential expressed]
  7826 | D:9      | Killed Erolcha
  7833 | D:9      | Killed Psyche
  7949 | D:9      | Found a runed translucent door.
  7951 | D:9      | Noticed Heedrag's ghost (novice MiFi)
  8229 | D:9      | Killed Heedrag's ghost
  8311 | D:10     | Entered Level 10 of the Dungeon
  8314 | D:10     | Identified the +0 leather armour of Qojucw {Rampage rPois
                  | Slay+3 SInv}
  8374 | D:10     | Identified 2 scrolls of acquirement
  8374 | D:10     | Acquired the amulet of Nyb Ufem {Acrobat rN+ Regen+ Int+2
                  | Dex-2}
  8406 | D:10     | Noticed a two-headed ogre
  8413 | D:10     | Killed a two-headed ogre
  8600 | D:10     | XOM: give mutation
  8600 | D:10     | Gained mutation: You are resistant to electric shocks.
                  | (rElec) [Xom's grace]
  8618 | D:10     | Noticed Fannar
  8618 | D:10     | XOM: scenery: summon butterflies
  8620 | D:10     | Fannar changed into Fannar the shapeshifter
  8620 | D:10     | XOM: polymorph Fannar -> Fannar the shapeshifter
  8625 | D:10     | XOM: god gift: staff of air
  8634 | D:10     | XOM: cloud trail
  8650 | D:10     | Reached XP level 11. HP: 90/91 MP: 9/9
  8664 | D:10     | Found a runed translucent door.
  8683 | D:10     | Found a runed translucent door.
  8697 | D:10     | Found a runed translucent door.
  8700 | D:10     | Noticed an obsidian statue
  8705 | D:10     | XOM: 2-stop teleportation journey
  8722 | D:10     | XOM: give mutations
  8722 | D:10     | Gained mutation: Your muscles are strong. (Str +2) [Xom's
                  | grace]
  8722 | D:10     | Gained mutation: Your flesh is heat resistant. (rF+) [Xom's
                  | grace]
  8722 | D:10     | Gained mutation: You have hidden genetic potential. [Xom's
                  | grace]
  8722 | D:10     | Gained mutation: You are partially covered in large bone
                  | plates. (SH +4) [Xom's grace]
  8781 | D:10     | XOM: cloud trail
  8811 | D:10     | Found a runed translucent door.
  9113 | D:10     | XOM: cleaving
  9118 | D:10     | XOM: chaos cloud
  9124 | D:10     | Paralysed by you for 7 turns
  9142 | D:10     | XOM: potion effect (heal wounds)
  9143 | D:10     | Noticed a sixfirhy
  9146 | D:10     | Killed an obsidian statue
  9153 | D:10     | Killed an obsidian statue
  9411 | D:11     | Found a staircase to the Orcish Mines.
  9412 | D:11     | XOM: noise
  9433 | D:11     | Found Woptuh's Weapon Shoppe.
  9476 | D:11     | Noticed an eight-headed hydra
  9490 | D:11     | XOM: noise
  9490 | D:11     | Noticed a purple ugly thing
  9491 | D:11     | XOM: smoke on damage
  9517 | D:11     | Noticed a storm dragon
  9517 | D:11     | a 13-headed hydra changed into a storm dragon
  9517 | D:11     | XOM: polymorph 13-headed hydra -> storm dragon
  9524 | D:11     | XOM: 2-stop teleportation journey
  9551 | D:11     | XOM: noise
  9556 | D:11     | Killed a purple ugly thing
  9557 | D:11     | Reached skill level 1 in Shields
  9620 | D:11     | XOM: potion effect (curing)
  9632 | D:11     | Killed a storm dragon
  9633 | D:11     | Reached skill level 5 in Evocations
  9683 | D:11     | XOM: scenery: 1 doors open, 1 doors close
  9753 | D:11     | Found a staircase to the Lair.
  9897 | D:11     | Noticed Snorg
  9898 | D:11     | XOM: potion effect (brilliance)
  9905 | D:11     | XOM: confuse monster(s)
  9909 | D:11     | Killed Snorg
  9980 | D:11     | You fall into a shaft and drop 3 floors!
 10039 | D:13     | Noticed a centaur warrior
 10044 | D:13     | XOM: fake destruction
 10047 | D:13     | Killed a centaur warrior
 10122 | D:12     | Noticed Sonja
 10127 | D:12     | XOM: divination: magic mapping
 10128 | D:12     | XOM: butterfly on damage
 10131 | D:12     | Sonja changed into Sonja the shapeshifter
 10131 | D:12     | XOM: polymorph Sonja -> Sonja the shapeshifter
 10153 | D:12     | XOM: summons 6 hostile demons
 10402 | D:11     | XOM: noise
 10541 | Orc:1    | Entered Level 1 of the Orcish Mines
 10552 | Orc:1    | XOM: fake destruction
 10559 | Orc:1    | Reached XP level 12. HP: 77/101 MP: 10/10
 10723 | Orc:2    | Entered Level 2 of the Orcish Mines
 10723 | Orc:2    | Found a staircase to the Elven Halls.
 10724 | Orc:2    | XOM: confuse monster(s)
 10726 | Orc:2    | XOM: draining
 10728 | Orc:2    | XOM: scenery: summon butterflies
 10735 | Orc:2    | Gained mutation: You have a pair of horns on your head.
                  | [hidden potential]
 10802 | Orc:2    | XOM: summons 1 hostile shadow creature
 11002 | Orc:2    | Noticed an orc high priest
 11009 | Orc:2    | HP: 5/101 [orc priest/divine providence (9)]
 11009 | Orc:2    | Mangled by an orc warrior

Illustrated notes

Levels and vault maps discovered:
D:1:      noname_arrival_rooms_in_the_neighbourhood, layout_basic,
          ebering_ecumenical_altar_mist
D:2:      layout_loops_cross, basic_altar, grunt_ministairs_5
D:3:      layout_basic, amethyst_overflow_temple_binary, gammafunk_ghost_split
D:4:      layout_basic, serial_rivers, chequers_serial_rivers_large_a,
          chequers_serial_rivers_micro_b, chequers_serial_rivers_marsh,
          chequers_serial_rivers_micro_c, chequers_serial_rivers_room_a,
          chequers_serial_rivers_micro_e, uniq_blork_the_orc
D:5:      layout_loops_corners, minmay_temple_entry_butterflies,
          minmay_liquid_box, minmay_misc_feat_doors
D:6:      layout_cave_pools, minitemple, hellmonk_bongcloud_opening
D:7:      layout_cave_pools, grunt_gozag_breadcrumbs, vehumet_statue,
          hangedman_abyss_or_decor_stabs
D:8:      layout_basic, uniq_maurice
D:9:      layout_rooms, gammafunk_ghost_grave, uniq_erolcha, uniq_joseph,
          uniq_psyche
D:10:     wad_crossroads, layout_basic, minmay_statue_crystal_thing, uniq_fannar
D:11:     layout_stronghold, lair_entry_dummy, orc_david_3, uniq_snorg
D:12:     layout_layer_cave, introduction_to_nature_2, uniq_sonja
D:13:     layout_rooms
D:14:     layout_cave_pools, david_vaults_2
Orc:1:    layout_caves
Orc:2:    st_orc_congregation, layout_diamond_mine

Skill      XL: |  1  2  3  4  5  6  7  8  9 10 11 12 |
---------------+-------------------------------------+-----
Dodging        | 1 2 3 4 6 7 8 |  8.5
Armour         | 2 3 4 5 6 7 8 |  8.7
Axes           | 3 4 5 6 7 8 9 |  9.8
Fighting       | 4 5 6 7 8 9 |  9.8
Evocations     | 1 3 4 5 |  5.5
Shields        | 2 3 |  3.3

Action                   |  1- 3 |  4- 6 |  7- 9 | 10-12 || total
-------------------------+-------+-------+-------+-------++-------
Melee: Hand axe          |    68 |    78 |   215 |   341 ||   702
       Kick              |       |       |    63 |   116 ||   179
       Headbutt          |       |       |    40 |    78 ||   118
       Unarmed           |       |       |       |     4 ||     4
Throw: Boomerang         |       |       |       |     2 ||     2
       Throwing net      |       |       |       |     1 ||     1
  Use: Scroll            |       |     8 |       |     8 ||    16
       Potion            |       |       |       |     5 ||     5
 Stab: Sleeping          |       |     1 |       |       ||     1
       Invisible         |       |       |     2 |       ||     2
       Distracted        |       |       |     1 |     1 ||     2
       Petrified         |       |       |       |     9 ||     9
Armor: Leather armour    |    20 |     9 |       |       ||    29
       Scale mail        |       |    20 |   110 |   215 ||   345
Dodge: Dodged            |    37 |    36 |   113 |   285 ||   471
Block: Kite shield       |       |       |       |   193 ||   193
       Other             |       |       |       |    27 ||    27

Table legend: (Time is in decaauts)
 A = Elapsed time spent in this place.
 B = Non-inter-level travel time spent in this place.
 C = Inter-level travel time spent in this place.
 D = Time resting spent in this place.
 E = Time spent auto-exploring this place.
 F = Levels seen in this place.
 G = Mean time per level.
                   A        B        C        D        E       F      G
               +--------+--------+--------+--------+--------+-----+--------+
         Total |  11024 |  10464 |    560 |    169 |   8399 |  16 |  689.0 |
       Dungeon |  10549 |  10007 |    542 |    169 |   8096 |  14 |  753.5 |
  Orcish Mines |    474 |    456 |     18 |      0 |    303 |   2 |  237.0 |
               +--------+--------+--------+--------+--------+-----+--------+

Top non-repeatable levels by time:
    D:11: 1090 daAuts
     D:4: 1072 daAuts
     D:1: 1063 daAuts
     D:3: 1025 daAuts
     D:5: 971 daAuts
     D:7: 924 daAuts
     D:9: 910 daAuts
    D:10: 862 daAuts
     D:6: 845 daAuts
     D:8: 804 daAuts
     D:2: 714 daAuts
   Orc:2: 280 daAuts
   Orc:1: 193 daAuts
    D:12: 160 daAuts
    D:13: 92 daAuts
